[Event "Titled Tuesday Blitz February 28 Late 2023"]
[White "Rostovtsev, Dmitry"]
[Black "Kokoszczynski, Jan"]
[WhiteFideId "34278320"]
[BlackFideId "1174460"]
[WhiteElo "2330"]
[BlackElo "2139"]
[Result "1-0"]
[Round "03"]
[TimeControl "180+2"]
[Date "2023.02.28"]
[WhiteClock "0:00:13"]
[BlackClock "0:00:03"]

1. d4 d5 2. c4 c6 3. Nf3 Nf6 4. g3 Bf5 5. Bg2 e6 6. O-O Nbd7 7. Nc3 Be7 8. Qb3 Qb6 9. c5 Qc7 10. Bf4 Qc8 11. Nh4 Bg4 12. h3 Bh5 13. g4 Bg6 14. Nxg6 hxg6 15. e3 O-O 16. Qc2 Re8 17. b4 Bd8 18. b5 Bc7 19. bxc6 bxc6 20. Bxc7 Qxc7 21. Rab1 e5 22. Qd2 Nf8 23. Rb4 g5 24. Rfb1 exd4 25. exd4 Ne6 26. Ne2 Rab8 27. Bf3 Rxb4 28. Qxb4 Nf4 29. Nxf4 Qxf4 30. Kg2 Ne4 31. Re1 Rb8 32. Qa3 Nd2 33. Qe3 Nxf3 34. Qxf3 Qxd4 35. Re7 Qf6 36. Qxf6 gxf6 37. Rc7 Rb2 38. Rxc6 Rxa2 39. Rxf6 Rc2 40. c6 Kg7 41. Rd6 f6 42. Rxd5 Rxc6 43. Rd7+ Kg6 44. Rxa7 Rc3 45. Ra2 Rb3 46. Re2 Ra3 47. Re3 Ra2 48. Rf3 Rb2 49. Rc3 Ra2 50. Rc6 Rb2 51. Kg3 Rb3+ 52. f3 Ra3 53. Rc4 Rb3 54. Re4 Ra3 55. Re1 Rb3 56. Rf1 Ra3 57. Rf2 Rb3 58. Kg2 Ra3 59. f4 gxf4 60. Rxf4 Kg5 61. Rf5+ Kg6 62. h4 Rb3 63. Rf3 Rb1 64. Kg3 Rg1+ 65. Kf4 Ra1 66. Re3 Ra4+ 67. Re4 Ra7 68. h5+ Kg7 69. Rd4 Rb7 70. Rd5 Re7 71. Kf5 Rb7 72. Ra5 Re7 73. Ra6 Re5+ 74. Kf4 Re7 75. Rb6 Ra7 76. Re6 Ra4+ 77. Kf5 Ra5+ 78. Kf4 Ra4+ 79. Re4 Ra7 80. Rc4 Re7 81. Rc5 Ra7 82. Kf5 Rb7 83. Ke6 Rb6+ 84. Kf5 Rb7 85. Rd5 Ra7 86. Ke6 Ra4 87. Rd7+ Kh6 88. Kf5 Ra5+ 89. Kxf6 Rf5+ 90. gxf5 1-0


[Site "https://www.chess.com"]

[Event "Titled Tuesday Blitz February 28 Late 2023"]
[White "Martinez Reyes, Pedro Ramon"]
[Black "Melkumyan, Hrant"]
[WhiteFideId "3901807"]
[BlackFideId "13302485"]
[WhiteElo "2340"]
[BlackElo "2604"]
[Result "1-0"]
[Round "03"]
[TimeControl "180+2"]
[Date "2023.02.28"]
[WhiteClock "0:00:05"]
[BlackClock "0:00:02"]

1. d4 Nf6 2. c4 g6 3. Nc3 Bg7 4. e4 d6 5. Bd3 O-O 6. Nge2 Nc6 7. O-O e5 8. d5 Nd4 9. f3 c5 10. dxc6 bxc6 11. Be3 Nd7 12. Bc2 c5 13. Ba4 Nb6 14. b3 Nxa4 15. Nxa4 f5 16. Nac3 f4 17. Bxd4 exd4 18. Nd5 g5 19. b4 Kh8 20. b5 Be5 21. Qd2 Be6 22. a4 Bxd5 23. exd5 Qf6 24. Rae1 a6 25. b6 a5 26. Nc1 Rfb8 27. Nd3 Rxb6 28. Rb1 Rb4 29. Nxb4 axb4 30. Qc2 d3 31. Qxd3 Rxa4 32. Kh1 Kg7 33. Rfe1 Qg6 34. Re4 Ra3 35. Qe2 Qf5 36. Re1 Kg6 37. h3 h5 38. Qc2 g4 39. fxg4 hxg4 40. hxg4 Qf6 41. Rxe5+ Kg7 42. Re6 Qh4+ 43. Kg1 Qg5 44. Qf5 Qxf5 45. gxf5 Rc3 46. Rxd6 Rxc4 47. Re7+ Kf8 48. f6 b3 49. Rd8# 1-0


[Site "https://www.chess.com"]

[Event "Titled Tuesday Blitz February 28 Late 2023"]
[White "Urbina Perez, Juan Antonio"]
[Black "Gadimbayli, Abdulla"]
[WhiteFideId "2217368"]
[BlackFideId "13404938"]
[WhiteElo "2197"]
[BlackElo "2390"]
[Result "1/2-1/2"]
[Round "03"]
[TimeControl "180+2"]
[Date "2023.02.28"]
[WhiteClock "0:01:49"]
[BlackClock "0:00:38"]

1. e4 c5 2. Nf3 d6 3. Bb5+ Nd7 4. d4 cxd4 5. Qxd4 a6 6. Bxd7+ Bxd7 7. Nc3 Nf6 8. Bg5 e6 9. e5 dxe5 10. Nxe5 Be7 11. Bxf6 Bxf6 12. Qxd7+ Qxd7 13. Nxd7 Kxd7 14. O-O-O+ Ke7 15. Ne4 Rac8 16. Nxf6 gxf6 17. Rd3 Rhg8 18. g3 Rc7 19. Rhd1 f5 20. c3 h5 21. Rd4 Rg4 22. h3 Rxd4 23. Rxd4 Kf6 24. a4 Rc5 25. Kc2 Re5 26. Kd2 Re4 27. Rxe4 fxe4 28. Ke3 Ke5 29. g4 hxg4 30. hxg4 f5 31. gxf5 exf5 32. f4+ Kd5 33. b3 Kc6 34. Kd4 Kd6 35. Ke3 Kd5 36. Kd2 b5 37. axb5 axb5 38. Ke3 Kc5 39. Kd2 b4 40. c4 Kd4 41. Ke2 e3 42. c5 Kxc5 43. Kxe3 Kd5 44. Kd3 Kc5 45. Ke3 Kd5 46. Kd3 Kc5 47. Ke3 1/2-1/2


[Site "https://www.chess.com"]

[Event "Titled Tuesday Blitz February 28 Late 2023"]
[White "Holt, Conrad"]
[Black "Ferreira, Vitor Hugo Vieira"]
[WhiteFideId "2034387"]
[BlackFideId "2119765"]
[WhiteElo "2592"]
[BlackElo "2146"]
[Result "1-0"]
[Round "03"]
[TimeControl "180+2"]
[Date "2023.02.28"]
[WhiteClock "0:01:00"]
[BlackClock "0:00:22"]

1. d4 d5 2. c4 dxc4 3. e3 e5 4. Bxc4 exd4 5. exd4 Nf6 6. Qb3 Qe7+ 7. Ne2 Qb4+ 8. Nbc3 Qxb3 9. Bxb3 Bd6 10. O-O c6 11. Bg5 Nbd7 12. Ng3 O-O 13. Nf5 Bb4 14. Rfe1 h6 15. Bh4 Nb6 16. Nxh6+ Kh7 17. Nxf7 Nbd5 18. Nxd5 Nxd5 19. Ng5+ Kg6 20. Re5 Bd6 21. Bxd5 Bxe5 22. Be4+ Bf5 23. dxe5 Bxe4 24. Nxe4 Rf4 25. Re1 Rxh4 26. e6 Rd8 27. g3 Rhh8 28. e7 Rd5 29. Nd6 Rxd6 30. e8=Q+ Rxe8 31. Rxe8 Rd1+ 32. Kg2 Rd2 33. b4 Rxa2 34. Re7 b6 35. Rc7 Ra4 36. Rxc6+ Kh7 37. b5 Rb4 38. Rc7 Rxb5 39. Rxa7 Rb2 40. h4 b5 41. Rb7 b4 42. g4 b3 43. Rb6 Rb1 44. h5 Kh8 45. Kf3 b2 46. Kf4 Kh7 47. Kg5 Rf1 48. Rxb2 1-0


[Site "https://www.chess.com"]

[Event "Titled Tuesday Blitz February 28 Late 2023"]
[White "Cheng, Xiao"]
[Black "Makridis, Dimitrios"]
[WhiteFideId "2022915"]
[BlackFideId "25864475"]
[WhiteElo "2509"]
[BlackElo "2277"]
[Result "1/2-1/2"]
[Round "03"]
[TimeControl "180+2"]
[Date "2023.02.28"]
[WhiteClock "0:00:06"]
[BlackClock "0:00:04"]

1. e4 c5 2. Nf3 Nf6 3. e5 Nd5 4. Nc3 e6 5. Nxd5 exd5 6. d4 Nc6 7. c3 cxd4 8. cxd4 d6 9. Be2 dxe5 10. dxe5 Be6 11. O-O Be7 12. a3 O-O 13. b4 Rc8 14. Bb2 h6 15. Qd2 a5 16. b5 Nb8 17. Nd4 Nd7 18. f4 Nc5 19. f5 Ne4 20. Qf4 Bg5 21. Qg4 Bd7 22. Kh1 Rc5 23. Bd3 Bc8 24. Bxe4 dxe4 25. Qxe4 Qd5 26. Qxd5 Rxd5 27. Rfe1 Rfd8 28. e6 Bf6 29. Rac1 Bxd4 30. Bxd4 Rxd4 31. e7 Re8 32. Rxc8 Rxc8 33. e8=Q+ Rxe8 34. Rxe8+ Kh7 35. h3 Rd5 36. Re7 f6 37. Rxb7 Rxf5 38. Kh2 Rc5 39. b6 Rc3 40. Ra7 Rxa3 41. b7 Rb3 42. Kg1 a4 43. Kf2 a3 44. Ke2 Rb2+ 45. Kd3 a2 46. Rxa2 Rxb7 47. Ke4 Rb3 48. Rf2 h5 49. Kf5 Rg3 50. Kf4 h4 51. Ra2 Kg6 52. Rc2 f5 53. Rc6+ Kh5 54. Rc2 g6 55. Rd2 Ra3 56. Rb2 Ra4+ 57. Kf3 Kg5 58. Rc2 Rf4+ 59. Ke3 Rf1 60. Rb2 Ra1 61. Kf3 Ra3+ 62. Kf2 Kf6 63. Re2 g5 64. Rc2 Rb3 65. Rc6+ Ke5 66. Rc5+ Ke4 67. Rc4+ Kd5 68. Rc8 Rb6 69. Rf8 Ke5 70. Re8+ Re6 71. Rg8 Kf4 72. Rb8 Re4 73. Rb3 g4 74. hxg4 fxg4 75. Rb8 g3+ 76. Kf1 Ke3 77. Rh8 Rd4 78. Re8+ Kd3 79. Rh8 Rf4+ 80. Kg1 Rb4 81. Rd8+ Kc2 82. Rc8+ Kb2 83. Kf1 Rf4+ 84. Kg1 Rf2 85. Rh8 Rc2 86. Kf1 Rc4 87. Rb8+ Ka3 88. Rh8 Ka4 89. Ra8+ Kb5 90. Rb8+ Ka6 91. Ke2 Rf4 92. Ke3 Rf2 93. Ra8+ Kb7 94. Rh8 Rxg2 95. Rxh4 Ra2 96. Rg4 g2 97. Kf3 Kc6 98. Rxg2 Rxg2 99. Kxg2 1/2-1/2


[Site "https://www.chess.com"]

[Event "Titled Tuesday Blitz February 28 Late 2023"]
[White "Lawson, Eric"]
[Black "Boyer, Mahel"]
[WhiteFideId "2604116"]
[BlackFideId "45102422"]
[WhiteElo "2508"]
[BlackElo "2434"]
[Result "0-1"]
[Round "03"]
[TimeControl "180+2"]
[Date "2023.02.28"]
[WhiteClock "0:00:05"]
[BlackClock "0:00:21"]

1. e4 g6 2. d4 Bg7 3. Nc3 d6 4. f4 Nf6 5. Nf3 O-O 6. Bd3 c5 7. dxc5 dxc5 8. O-O Nc6 9. Kh1 a6 10. e5 Nd5 11. Nxd5 Qxd5 12. Qe2 Bg4 13. Be4 Qd7 14. c3 f5 15. Rd1 Nd4 16. cxd4 fxe4 17. Qxe4 Rad8 18. d5 Bf5 19. Qc4 Qb5 20. Qxb5 axb5 21. Be3 b6 22. b4 Be4 23. bxc5 bxc5 24. Bxc5 Rxd5 25. Rxd5 Bxd5 26. Be3 Ra8 27. a3 b4 28. Bc5 b3 29. Rb1 Bh6 30. Nd2 Rc8 31. Bb4 Bxf4 32. Nf3 Rc2 33. Kg1 Be3+ 34. Kf1 Bc4+ 35. Ke1 b2 36. Bd2 Rc1+ 37. Bxc1 bxc1=Q+ 38. Rxc1 Bxc1 39. a4 Ba3 40. a5 Bb4+ 41. Kf2 Bxa5 42. Ke3 Bb6+ 43. Kf4 e6 44. Ng5 Bd5 45. g4 Ba5 46. Nh3 Bd2+ 47. Kg3 Bc3 48. Kf4 Bd2+ 49. Kg3 Kg7 50. Nf2 Be1 51. h4 h6 52. g5 h5 53. Kf4 Bd2+ 54. Kg3 Be3 55. Nd3 Be4 56. Nc5 Bxc5 57. Kf4 Bf5 58. Kf3 Bd4 59. Kf4 Bc3 60. Ke3 Bxe5 0-1


[Site "https://www.chess.com"]

[Event "Titled Tuesday Blitz February 28 Late 2023"]
[White "Rozman, Levy"]
[Black "ArchibaldCerveza29"]
[WhiteFideId "2039877"]
[WhiteElo "2376"]
[BlackElo "2504"]
[Result "1-0"]
[Round "03"]
[TimeControl "180+2"]
[Date "2023.02.28"]
[WhiteClock "0:00:26"]
[BlackClock "0:00:08"]

1. e4 e5 2. Nf3 Nc6 3. c3 d5 4. Qa4 f6 5. Bb5 Ne7 6. exd5 Qxd5 7. d4 exd4 8. O-O Bd7 9. cxd4 O-O-O 10. Nc3 Qh5 11. Be3 a6 12. Bxa6 Nb8 13. Bb5 Nf5 14. Rac1 Nd6 15. Bxd7+ Rxd7 16. Bf4 g5 17. Bg3 g4 18. Nd2 Bh6 19. Rc2 Nc6 20. Qa8+ Nb8 21. Nde4 Nxe4 22. Nxe4 Qf5 23. Nc5 Qd5 24. Nxd7 Kxd7 25. Rxc7+ Ke6 26. Re1+ Kf5 27. Rc5 1-0


[Site "https://www.chess.com"]

[Event "Titled Tuesday Blitz February 28 Late 2023"]
[White "Ladan, Nicholas"]
[Black "Beerdsen, Thomas"]
[WhiteFideId "30918855"]
[BlackFideId "1030108"]
[WhiteElo "2167"]
[BlackElo "2547"]
[Result "0-1"]
[Round "03"]
[TimeControl "180+2"]
[Date "2023.02.28"]
[WhiteClock "0:00:11"]
[BlackClock "0:01:39"]

1. d4 Nf6 2. c4 a6 3. Nc3 b5 4. cxb5 axb5 5. Nxb5 e5 6. dxe5 Ne4 7. Nf3 Bb4+ 8. Bd2 Nxd2 9. Nxd2 Nc6 10. Qb3 Bxd2+ 11. Kxd2 O-O 12. f4 Ba6 13. e3 d6 14. Rd1 dxe5+ 15. Ke1 Qe7 16. Qa3 Nb4 17. Qb3 exf4 18. Nxc7 Qxc7 19. Qxb4 fxe3 20. Bxa6 Rxa6 21. Rf1 Qxh2 22. Qc4 Re6 23. Ke2 Qxg2+ 24. Kd3 e2 25. Rxf7 exd1=Q+ 26. Kc3 Qgd2# 0-1


[Site "https://www.chess.com"]

[Event "Titled Tuesday Blitz February 28 Late 2023"]
[White "Nilsen, Tobias Lang"]
[Black "Klekowski, Maciej"]
[WhiteFideId "1521624"]
[BlackFideId "1132717"]
[WhiteElo "2195"]
[BlackElo "2540"]
[Result "1/2-1/2"]
[Round "03"]
[TimeControl "180+2"]
[Date "2023.02.28"]
[WhiteClock "0:00:50"]
[BlackClock "0:00:18"]

1. e4 c5 2. Nf3 e6 3. d4 cxd4 4. Nxd4 Nc6 5. Nc3 a6 6. Nxc6 bxc6 7. Be3 d5 8. Be2 Nf6 9. O-O Bb4 10. Na4 Nxe4 11. Qd4 Be7 12. Qxg7 Bf6 13. Qh6 Rb8 14. c3 Nd6 15. Bc5 Nf5 16. Qd2 Rg8 17. Bd3 Nh4 18. Qf4 e5 19. Qh6 Rxg2+ 20. Kh1 Bg4 21. Qf8+ Kd7 22. Qd6+ Ke8 23. Qf8+ Kd7 24. Qd6+ Ke8 25. Qf8+ 1/2-1/2


[Site "https://www.chess.com"]

[Event "Titled Tuesday Blitz February 28 Late 2023"]
[White "Yuan, Qingyu"]
[Black "Bilan, Danila"]
[WhiteFideId "8609772"]
[BlackFideId "24161918"]
[WhiteElo "2359"]
[BlackElo "2182"]
[Result "1-0"]
[Round "03"]
[TimeControl "180+2"]
[Date "2023.02.28"]
[WhiteClock "0:00:13"]
[BlackClock "0:00:04"]

1. d4 d5 2. c4 c6 3. Nf3 Nf6 4. Nc3 e6 5. Qd3 dxc4 6. Qxc4 b5 7. Qd3 b4 8. Ne4 a5 9. Nxf6+ gxf6 10. g3 Ba6 11. Qe4 Qd5 12. Qf4 Nd7 13. Bg2 Bd6 14. Qh4 f5 15. O-O Qe4 16. Qh6 Qg4 17. Re1 Qg6 18. Qd2 Rc8 19. e4 fxe4 20. Nh4 Qg7 21. Rxe4 Nf6 22. Nf5 Qf8 23. Re1 Be7 24. Nxe7 Qxe7 25. Qh6 Nd5 26. Bg5 f6 27. Bxd5 cxd5 28. Bxf6 Qf8 29. Qh5+ Qf7 30. Qxf7+ Kxf7 31. Bxh8 Rxh8 32. Rac1 Bc4 33. b3 Bd3 34. Rc6 Kf6 35. Rcxe6+ Kf7 36. Re7+ Kf6 37. R1e6+ Kf5 38. Re5+ Kg4 39. Rg7+ Bg6 40. Kg2 Rc8 41. h3# 1-0


[Site "https://www.chess.com"]

[Event "Titled Tuesday Blitz February 28 Late 2023"]
[White "Oro, Faustino"]
[Black "Balla, Tamas-Kristof"]
[WhiteFideId "20000197"]
[BlackFideId "1208497"]
[WhiteElo "1984"]
[BlackElo "2334"]
[Result "1-0"]
[Round "03"]
[TimeControl "180+2"]
[Date "2023.02.28"]
[WhiteClock "0:00:09"]
[BlackClock "0:00:06"]

1. e4 c5 2. Nf3 Nc6 3. d4 cxd4 4. Nxd4 e5 5. Nb5 d6 6. N1c3 a6 7. Na3 b5 8. Nd5 Nge7 9. c4 Nxd5 10. cxd5 Nd4 11. Be3 g6 12. Bd3 Bg7 13. O-O O-O 14. Nc2 Nxc2 15. Qxc2 Bd7 16. Qd2 f5 17. f3 Rc8 18. Rac1 Qe7 19. Qa5 fxe4 20. Bxe4 Qf6 21. Qxa6 Rxc1 22. Rxc1 Bf5 23. Qxb5 Bxe4 24. fxe4 Qh4 25. Qd3 g5 26. b4 g4 27. g3 Qe7 28. Rf1 Rf3 29. Rxf3 gxf3 30. Kf2 Qd7 31. Kxf3 Qh3 32. Bg1 Qh5+ 33. Kg2 Bh6 34. a4 Qe8 35. a5 Qa4 36. a6 Qxb4 37. a7 Qb2+ 38. Kh3 Qa1 39. Qc4 Kg7 40. Qc7+ Kg6 41. Qxd6+ Kh5 42. g4+ Kg5 43. Be3# 1-0


[Site "https://www.chess.com"]

[Event "Titled Tuesday Blitz February 28 Late 2023"]
[White "Mirzoev, Azer"]
[Black "Prydun, Andriy"]
[WhiteFideId "13400304"]
[BlackFideId "14145898"]
[WhiteElo "2525"]
[BlackElo "2164"]
[Result "1-0"]
[Round "03"]
[TimeControl "180+2"]
[Date "2023.02.28"]
[WhiteClock "0:00:40"]
[BlackClock "0:00:04"]

1. c4 Nf6 2. Nc3 e6 3. e4 e5 4. Nf3 Nc6 5. d3 h6 6. Be2 Bb4 7. O-O Bxc3 8. bxc3 d6 9. Nd2 O-O 10. Re1 Be6 11. Nf1 Ne7 12. f4 exf4 13. Bxf4 c6 14. Rb1 b5 15. cxb5 Qb6+ 16. Be3 Qc7 17. c4 d5 18. exd5 cxd5 19. c5 Nf5 20. Bf2 d4 21. Bf3 Rab8 22. Qc2 Qa5 23. a4 Rfc8 24. c6 a6 25. Qd2 Qc7 26. Ng3 Nh4 27. Be4 axb5 28. axb5 Ng4 29. h3 Nxf2 30. Qxf2 f5 31. Bxf5 Bxf5 32. Nxf5 Rf8 33. Qxh4 Rxf5 34. Re7 Qd6 35. c7 Rc8 36. b6 g5 37. Qe4 Rf4 38. Qe6+ Qxe6 39. Rxe6 1-0


[Site "https://www.chess.com"]

[Event "Titled Tuesday Blitz February 28 Late 2023"]
[White "Kleiman, Jake"]
[Black "Preotu, Razvan"]
[WhiteFideId "2020041"]
[BlackFideId "2613280"]
[WhiteElo "2488"]
[BlackElo "2407"]
[Result "0-1"]
[Round "03"]
[TimeControl "180+2"]
[Date "2023.02.28"]
[WhiteClock "0:01:10"]
[BlackClock "0:00:16"]

1. e4 c5 2. c3 Nf6 3. e5 Nd5 4. Bc4 Nb6 5. Bb3 d6 6. exd6 Qxd6 7. Nf3 c4 8. Bc2 Qe6+ 9. Qe2 Qxe2+ 10. Kxe2 Nc6 11. d4 cxd3+ 12. Bxd3 Bg4 13. Nd2 O-O-O 14. h3 Bh5 15. g4 Bg6 16. Bxg6 hxg6 17. Ne4 e5 18. Be3 Nc4 19. b3 Nxe3 20. fxe3 Be7 21. b4 f5 22. Ng3 e4 23. Nd4 Nxd4+ 24. exd4 Bh4 25. Rag1 Bxg3 26. Rxg3 f4 27. Rgg1 g5 28. Rd1 Rh4 29. d5 Rdh8 30. Rd4 e3 31. d6 Rxh3 32. Rc4+ Kd8 33. Rd1 Rh2+ 34. Kf3 e2 35. Re1 Re8 36. Rc7 Re3# 0-1


[Site "https://www.chess.com"]

[Event "Titled Tuesday Blitz February 28 Late 2023"]
[White "Aydin, Gulenay"]
[Black "Fus, Jakub"]
[WhiteFideId "34557431"]
[BlackFideId "1193023"]
[WhiteElo "2009"]
[BlackElo "2335"]
[Result "0-1"]
[Round "03"]
[TimeControl "180+2"]
[Date "2023.02.28"]
[WhiteClock "0:00:02"]
[BlackClock "0:00:14"]

1. e4 Nf6 2. Nc3 d5 3. exd5 Nxd5 4. Bc4 e6 5. Nf3 Be7 6. d4 Nxc3 7. bxc3 O-O 8. O-O c5 9. Be3 b6 10. Qe2 Bb7 11. Rad1 Qc7 12. Rfe1 Nc6 13. Bg5 Bd6 14. Bd3 Ne7 15. Be4 Bxe4 16. Qxe4 Nd5 17. Qd3 cxd4 18. cxd4 Rac8 19. Rd2 Bb4 20. Rde2 Bxe1 21. Nxe1 Qc4 22. Qf3 Qxa2 23. h4 Qa1 24. Qg4 h5 25. Qxh5 Qxd4 26. Nd3 a5 27. Kh2 a4 28. Be3 Qf6 29. Bg5 Qg6 30. Qg4 a3 31. Ne5 Qf5 32. Qh5 Nf4 33. Bxf4 Qxh5 0-1


[Site "https://www.chess.com"]

[Event "Titled Tuesday Blitz February 28 Late 2023"]
[White "Kalajzic, Ivan"]
[Black "Averjanov, Alexey"]
[WhiteFideId "14506378"]
[BlackFideId "14109867"]
[WhiteElo "2203"]
[BlackElo "2657"]
[Result "0-1"]
[Round "03"]
[TimeControl "180+2"]
[Date "2023.02.28"]
[WhiteClock "0:00:02"]
[BlackClock "0:00:07"]

1. b3 b6 2. Bb2 Bb7 3. e3 e6 4. Nf3 Nf6 5. c4 g6 6. Nc3 Bg7 7. Be2 O-O 8. O-O c5 9. d4 cxd4 10. Nxd4 Nc6 11. Bf3 Rc8 12. Nxc6 Bxc6 13. Bxc6 dxc6 14. Qf3 Qe7 15. Ne4 Nxe4 16. Bxg7 Kxg7 17. Qxe4 Rfd8 18. Rad1 Rxd1 19. Rxd1 Rd8 20. Rxd8 Qxd8 21. Qd4+ Qxd4 22. exd4 Kf6 23. Kf1 e5 24. dxe5+ Kxe5 25. Ke2 Kd4 26. Kd2 a5 27. Kc2 b5 28. cxb5 cxb5 29. Kd2 b4 30. Kc2 g5 31. Kd2 g4 32. Kc2 f5 33. Kd2 Ke4 34. Ke2 h6 35. f3+ gxf3+ 36. gxf3+ Kd4 37. Kd2 h5 38. h3 h4 39. Ke2 Kc3 40. Ke3 Kb2 41. Kf4 Kxa2 42. Kxf5 a4 43. bxa4 b3 44. Kg4 b2 45. Kxh4 b1=Q 46. Kg5 Qd3 47. f4 Qxh3 48. f5 Qh8 49. f6 Qh7 50. a5 Kb3 51. a6 Kb4 52. a7 Qxa7 53. Kg6 Qg1+ 54. Kh7 Qh2+ 55. Kg8 Qg3+ 56. Kf7 Kc5 57. Ke6 Qg8+ 58. f7 Qf8 59. Kf6 Kd6 60. Kg6 Ke6 61. Kh7 Qxf7+ 62. Kh8 Qe7 63. Kg8 Kf6 64. Kh8 Qg7# 0-1


[Site "https://www.chess.com"]

[Event "Titled Tuesday Blitz February 28 Late 2023"]
[White "Al-Tarboush, Ward"]
[Black "Toncheva, Nadya"]
[WhiteFideId "7601450"]
[BlackFideId "2924056"]
[WhiteElo "2267"]
[BlackElo "2101"]
[Result "0-1"]
[Round "03"]
[TimeControl "180+2"]
[Date "2023.02.28"]
[WhiteClock "0:00:10"]
[BlackClock "0:00:08"]

1. e4 c5 2. Nf3 Nc6 3. d4 cxd4 4. Nxd4 g6 5. c4 Bg7 6. Be3 Nf6 7. Nc3 O-O 8. Be2 d6 9. O-O Bd7 10. f3 Nxd4 11. Bxd4 a5 12. Qd2 Bc6 13. b3 Nd7 14. Bxg7 Kxg7 15. Rfd1 Qb6+ 16. Kh1 Rfc8 17. Rac1 a4 18. Rb1 axb3 19. axb3 Qb4 20. Qd4+ Kg8 21. f4 Ra3 22. e5 dxe5 23. fxe5 Rxb3 24. Rxb3 Qxb3 25. e6 fxe6 26. Bg4 Nf8 27. h4 Qxc4 28. Ne2 Qxd4 29. Nxd4 Bd5 30. h5 Kg7 31. Kh2 Ra8 32. Nb5 Ra2 33. Bh3 Rb2 34. Nc7 Bc6 35. Rd8 g5 36. h6+ Kf7 37. Kg3 g4 38. Bxg4 Rxg2+ 39. Kh3 Ng6 40. Bxe6+ Kf6 41. Rd4 Rg1 42. Bg8 Rh1+ 43. Kg3 Rxh6 44. Rd2 Rh1 45. Rf2+ Kg7 46. Bc4 Rg1+ 47. Kh2 Rc1 48. Ne6+ Kh6 49. Bd3 Ne5 50. Bf5 Rh1+ 51. Kg3 Rg1+ 52. Kf4 Ng6+ 53. Ke3 Rg3+ 54. Kd2 Rg2 55. Rxg2 Bxg2 56. Nc5 Bc6 57. Ne6 Kh5 58. Kc3 Kh4 59. Kd4 Kg3 60. Ng5 h6 61. Nf7 Nh4 62. Be6 h5 63. Ne5 Nf3+ 64. Nxf3 Kxf3 65. Ke5 h4 66. Kf5 Kg3 67. Kg5 h3 68. Bxh3 Kxh3 69. Kf5 Kg3 70. Ke6 Kf4 71. Kxe7 Ke5 72. Kd8 b5 73. Kc7 Bd5 74. Kb6 b4 75. Kc5 b3 76. Kb4 b2 77. Kc3 b1=Q 78. Kd2 Qb2+ 79. Ke3 Qd4+ 80. Ke2 Qc3 81. Kd1 Qb2 82. Ke1 Bf3 83. Kf1 Qe2+ 84. Kg1 Qg2# 0-1


[Site "https://www.chess.com"]

[Event "Titled Tuesday Blitz February 28 Late 2023"]
[White "Fiorito, Francisco"]
[Black "Kochetov, Andrey"]
[WhiteFideId "180165"]
[BlackFideId "24130532"]
[WhiteElo "2341"]
[BlackElo "2477"]
[Result "1-0"]
[Round "03"]
[TimeControl "180+2"]
[Date "2023.02.28"]
[WhiteClock "0:00:19"]
[BlackClock "0:00:07"]

1. d4 Nf6 2. Nc3 d5 3. Bf4 a6 4. e3 Bf5 5. Be2 e6 6. g4 Bg6 7. h4 h6 8. h5 Bh7 9. f3 Bd6 10. Nh3 c5 11. Qd2 Nc6 12. Na4 cxd4 13. exd4 Rc8 14. c3 Qc7 15. O-O O-O 16. Rae1 Rfe8 17. Bd1 Na5 18. b3 e5 19. dxe5 Bxe5 20. Rxe5 Rxe5 21. Qh2 Rce8 22. Nf2 b5 23. Nc5 Qxc5 24. Bxe5 Nd7 25. Bd4 Qc8 26. Nh3 Nc6 27. Bf2 Nce5 28. Bd4 Nc6 29. Qd2 Nxd4 30. Qxd4 Qc6 31. Nf4 Nf6 32. Be2 Qd6 33. Bd3 Bxd3 34. Nxd3 Qg3+ 35. Kh1 Re2 36. Rf2 Qh3+ 37. Kg1 Qg3+ 38. Kf1 Re8 39. Qf4 Qh3+ 40. Rg2 Qh1+ 41. Rg1 Qh3+ 42. Kf2 Nd7 43. Qg3 Qxg3+ 44. Rxg3 Ne5 45. Nxe5 Rxe5 46. f4 Re4 47. Rf3 d4 48. Kg3 f6 49. Rd3 dxc3 50. Rxc3 Kf7 51. Kf3 Re7 52. Rc6 Re6 53. Rc7+ Re7 54. Rc8 Re6 55. Ra8 Rd6 56. Ra7+ Kf8 57. Ke3 Re6+ 58. Kd4 Rd6+ 59. Kc5 Re6 60. b4 Re4 61. Rxa6 Rxf4 62. Ra8+ Kf7 63. Kxb5 Rxg4 64. a4 f5 65. a5 f4 66. a6 f3 67. a7 f2 68. Rf8+ Kxf8 69. a8=Q+ Ke7 70. Qb7+ Kf6 71. Qf3+ Kg5 72. Qxf2 Kxh5 73. Ka5 g5 74. b5 Rf4 75. Qh2+ Kg6 76. b6 Rf5+ 77. Ka6 g4 78. b7 Rf6+ 79. Ka7 Rf7 80. Qc2+ Kg5 81. Qd2+ Kh5 82. Ka8 Rf8+ 83. b8=Q Rxb8+ 84. Kxb8 g3 85. Kc7 Kg4 86. Kd6 h5 87. Ke5 h4 88. Qe2+ Kh3 89. Kf4 g2 90. Qg4+ Kh2 91. Qxh4+ Kg1 92. Kf3 Kf1 93. Qc4+ Kg1 94. Qe2 Kh1 95. Qxg2# 1-0


[Site "https://www.chess.com"]

[Event "Titled Tuesday Blitz February 28 Late 2023"]
[White "Kim, Yoon-Young"]
[Black "Kleinman, Michael"]
[WhiteFideId "30908779"]
[BlackFideId "2609479"]
[WhiteElo "2217"]
[BlackElo "2287"]
[Result "0-1"]
[Round "03"]
[TimeControl "180+2"]
[Date "2023.02.28"]
[WhiteClock "0:00:03"]
[BlackClock "0:00:03"]

1. d4 Nf6 2. c4 e6 3. g3 d5 4. Bg2 Be7 5. Nf3 O-O 6. O-O c6 7. Qc2 b6 8. Nbd2 a5 9. e4 Na6 10. e5 Nd7 11. a3 Bb7 12. cxd5 cxd5 13. Re1 Rc8 14. Qd1 Qc7 15. Bf1 Qc2 16. Qe2 Nab8 17. Qe3 Ba6 18. Bg2 h6 19. h4 Qf5 20. Nb1 Rc7 21. Nc3 Rfc8 22. Kh2 b5 23. Bh3 Qg6 24. Ne2 b4 25. Nf4 Qe4 26. Qb3 Qc2 27. Qxc2 Rxc2 28. Kg1 bxa3 29. bxa3 R8c3 30. Kg2 Nc6 31. Nxd5 exd5 32. Bxd7 Bd3 33. Be3 Be4 34. Rad1 g5 35. hxg5 hxg5 36. g4 Rxa3 37. Kg3 Nb4 38. Nd2 Nd3 39. Nxe4 dxe4 40. Rh1 Nf4 41. Rb1 Rxe3+ 42. Kh2 Rxf2+ 43. Kg1 Rg2+ 44. Kf1 Rf3+ 45. Ke1 Re2+ 46. Kd1 Rd3+ 47. Kc1 Rc3+ 48. Kd1 Rd3+ 49. Kc1 Kg7 50. Bb5 Rc3+ 51. Kd1 Rg2 52. d5 Nxd5 53. Be2 Ne3+ 54. Kd2 Rc2+ 55. Kxe3 Rgxe2+ 56. Kd4 e3 57. Ke4 Rcd2 58. Rb7 Bc5 59. Rc1 Rd4+ 60. Kf3 Rf2+ 61. Kg3 e2 62. Kxf2 Rc4+ 63. Kxe2 Rxc1 64. e6 Rc2+ 65. Kd3 Rf2 66. e7 Bxe7 67. Rxe7 Rf4 68. Ra7 a4 69. Ra5 Kg6 70. Ra6+ f6 71. Rxa4 Rxa4 0-1


[Site "https://www.chess.com"]

[Event "Titled Tuesday Blitz February 28 Late 2023"]
[White "Petrovic, Aleksa"]
[Black "Bjelobrk, Igor"]
[WhiteFideId "967629"]
[BlackFideId "4300726"]
[WhiteElo "2304"]
[BlackElo "2335"]
[Result "0-1"]
[Round "03"]
[TimeControl "180+2"]
[Date "2023.02.28"]
[WhiteClock "0:00:21"]
[BlackClock "0:00:09"]

1. d4 e6 2. c4 Bb4+ 3. Bd2 a5 4. Nf3 d6 5. g3 Nc6 6. Bg2 e5 7. e3 Nf6 8. O-O Bxd2 9. Qxd2 O-O 10. Nc3 Re8 11. h3 h6 12. Rfd1 Bf5 13. dxe5 dxe5 14. Nd5 Ne4 15. Qe1 Qc8 16. Rac1 Nc5 17. Qf1 Nb4 18. Nc3 c6 19. a3 Nbd3 20. Rc2 e4 21. Nd4 Bh7 22. b3 Ra6 23. Rb1 Rb6 24. Kh2 Rd8 25. Qe2 Qc7 26. Qh5 Bg6 27. Qg4 Ne5 28. Qe2 Qe7 29. b4 axb4 30. axb4 Ncd3 31. b5 c5 32. Na4 Rf6 33. Nb3 Rxf2 34. Qxf2 Nxf2 35. Rxf2 Nd3 36. Rd2 Rd6 37. Rf1 h5 38. h4 Qe5 39. Nc1 Bf5 40. Nxd3 exd3 41. Nb2 Rg6 42. Rf4 Rd6 43. Nd1 g6 44. e4 Be6 45. Nf2 Bxc4 46. Rf3 Bxb5 47. Nxd3 Bxd3 48. Rfxd3 Rxd3 49. Rxd3 b5 50. Rd5 Qc3 51. e5 b4 52. e6 fxe6 53. Rd8+ Kf7 54. Rd7+ Kf6 55. Rd8 b3 0-1


[Site "https://www.chess.com"]

[Event "Titled Tuesday Blitz February 28 Late 2023"]
[White "Diaz Perez, Michel Alejandro"]
[Black "Sokac, Marko"]
[WhiteFideId "3517179"]
[BlackFideId "14531356"]
[WhiteElo "2333"]
[BlackElo "2355"]
[Result "0-1"]
[Round "03"]
[TimeControl "180+2"]
[Date "2023.02.28"]
[WhiteClock "0:01:20"]
[BlackClock "0:01:36"]

1. Nf3 e6 2. c4 g5 3. h3 Bg7 4. d4 h6 5. Nc3 d6 6. e4 Ne7 7. Be3 Nd7 8. Bd3 b6 9. h4 g4 10. Nd2 h5 11. Nf1 Bb7 12. Ng3 a6 13. Qc2 c5 14. d5 Qc7 15. O-O-O O-O-O 16. Bg5 Rde8 17. Qd2 Kb8 18. Kb1 Ne5 19. Be2 N7g6 20. dxe6 fxe6 21. Qxd6 Nf7 22. Qxc7+ Kxc7 23. Be3 Nd6 24. Rd2 Bxc3 25. bxc3 Nxe4 26. Nxe4 Bxe4+ 27. Bd3 Bxg2 28. Rg1 Nxh4 29. Bf4+ e5 30. Bg3 Nf3 31. Rxg2 Nxd2+ 32. Kc2 Nf3 33. Be4 Ne1+ 0-1


[Site "https://www.chess.com"]